 Dungeon Crawl Stone Soup version 0.21.1-1-g345015f (webtiles) character file.

654 empire the Slasher (level 7, -2/61 HPs)
             Began as a Minotaur Fighter on June 6, 2018.
             Was an Initiate of Cheibriados.
             Slain by a slave (7 damage)
             ... led by Pikel
             ... on level 6 of the Dungeon.
             The game lasted 00:09:08 (4164 turns).

empire the Slasher (Minotaur Fighter)               Turns: 4164, Time: 00:09:10

Health: -2/61      AC:  7    Str: 29    XL:     7   Next: 29%
Magic:  7/7        EV: 10    Int: 11    God:    Cheibriados [......]
Gold:   257        SH: 11    Dex: 10    Spells: 6/6 levels left

rFire    . . .     SeeInvis .   a - +1 long sword
rCold    . . .     Gourm    .   c - +1 shield
rNeg     . . .     Faith    .   b - +0 scale mail
rPois    .         Spirit   .   (helmet restricted)
rElec    .         Reflect  .   (no cloak)
rCorr    .         Harm     .   (no gloves)
MR       .....                  (no boots)
Stlth    ..........             (no amulet)
HPRegen  0.20/turn              k - +1 ring of slaying
MPRegen  0.10/turn              (no ring)

@: mighty, brilliant, very slow
A: retaliatory headbutt, horns 2
a: Bend Time, Renounce Religion


You were on level 6 of the Dungeon.
You worshipped Cheibriados.
Cheibriados was noncommittal.
You were not hungry.

You visited 2 branches of the dungeon, and saw 7 of its levels.

You collected 257 gold pieces.

Inventory:

Hand Weapons
 a - a +1 long sword (weapon)
Armour
 b - a +0 scale mail (worn)
 c - a +1 shield (worn)
Magical Staves
 h - an uncursed staff of death {unknown}
Jewellery
 k - a +1 ring of slaying (left hand)
 n - an uncursed amulet of magic regeneration
Wands
 g - a wand of flame (23)
 l - a wand of scattershot (4)
 u - a wand of paralysis (8)
Scrolls
 e - 4 scrolls of identify
 i - a scroll of fear
 s - a scroll of enchant weapon
Potions
 d - a potion of might
 j - a potion of lignification {unknown}
 o - a potion of invisibility {unknown}
 p - 3 potions of flight {unknown}
 q - a potion of magic {unknown}
 v - 2 potions of brilliance
Comestibles
 f - 5 rations


   Skills:
 - Level 5.0 Fighting
 * Level 5.4 Long Blades
 - Level 5.0 Armour
 * Level 4.3 Dodging
 - Level 5.0 Shields
 + Level 1.3 Evocations


You had 6 spell levels left.
You didn't know any spells.

Dungeon Overview and Level Annotations

Branches:
Dungeon (6/15)             Temple (1/1) D:4

Altars:
Ashenzari
Cheibriados
Dithmenos
Elyvilon
Fedhas
Gozag
Hepliaklqana
Kikubaaqudgha
Makhleb
Nemelex Xobeh
Okawaru
Ru
Sif Muna
Trog
Uskayaw
Vehumet
Wu Jian
Xom
Yredelemnul
Zin
The Shining One

Annotations:
D:2 Sigmund
D:6 Pikel


Innate Abilities, Weirdness & Mutations

You reflexively headbutt those who attack you in melee.
You have a pair of horns on your head.


Message History

You completely miss the slave.
The slave is almost dead.
The slave barely misses you. You block Pikel's attack.
The slave hits you but does no damage.
You closely miss the slave. Your headbutt misses the slave.
The slave is almost dead.
Pikel hits you with a whip of flaming. Pikel burns you.
* * * LOW HITPOINT WARNING * * *
The slave hits you!
* * * LOW HITPOINT WARNING * * *
You feel very mighty all of a sudden. You block Pikel's attack.
The slave hits you but does no damage.
It was a potion of brilliance.
You feel clever all of a sudden. Pikel hits you with a whip of flaming.
* * * LOW HITPOINT WARNING * * *
Pikel burns you.
* * * LOW HITPOINT WARNING * * *
The slave hits you!
You die...

#.........#
#.......#
#.....# #...#
#'# #p# #p#
##p## ##@K.##
#.....# ##...##
##.##
#.####.######.#
#.............#
######.########
#.# #.#


You could see Pikel and 3 slaves.

Vanquished Creatures
  Duvessa (D:4)
  A slave (D:6)
  An ogre (D:5)
  A centaur (D:5)
  Dowan (D:4)
  2 howler monkeys
  A bullfrog zombie (D:6)
  A bullfrog skeleton (D:4)
  A hound (D:4)
  A jelly (D:5)
  2 worker ants
  2 adders (D:3)
  An ooze (D:1)
  An adder skeleton (D:6)
  2 worms (D:2)
  2 dart slugs
  A leopard gecko (D:4)
  8 orcs
  A ball python (D:1)
  5 bats
  2 giant cockroaches
  3 hobgoblins
  6 jackals
  6 frilled lizards
  3 goblins (D:1)
  4 kobolds
  A leopard gecko skeleton (D:5)
  7 rats
68 creatures vanquished.

Notes
Turn   | Place    | Note
-------+----------+-------------------------------------------
     0 | D:1      | empire the Minotaur Fighter began the quest for the Orb.
     0 | D:1      | Reached XP level 1. HP: 19/19 MP: 0/0
   163 | D:1      | Reached XP level 2. HP: 27/27 MP: 1/1
   523 | D:1      | Reached skill level 1 in Dodging
  1020 | D:2      | Noticed Sigmund
  1143 | D:2      | Reached XP level 3. HP: 33/33 MP: 2/2
  1838 | D:3      | Reached XP level 4. HP: 40/40 MP: 3/3
  2407 | D:4      | Reached XP level 5. HP: 47/47 MP: 4/4
  2410 | D:4      | Found a snail-covered altar of Cheibriados.
  2416 | D:4      | Became a worshipper of Cheibriados the Contemplative
  2685 | D:4      | Noticed Duvessa
  2687 | D:4      | Noticed Dowan
  2696 | D:4      | Killed Duvessa
  2696 | D:4      | Reached XP level 6. HP: 37/55 MP: 5/5
  2703 | D:4      | Killed Dowan
  2703 | D:4      | Reached skill level 5 in Fighting
  2703 | D:4      | Reached skill level 5 in Armour
  2703 | D:4      | Reached skill level 5 in Shields
  3105 | D:4      | Found a staircase to the Ecumenical Temple.
  3549 | Temple   | Entered the Ecumenical Temple
  3823 | D:5      | Entered Level 5 of the Dungeon
  3931 | D:5      | Reached skill level 5 in Long Blades
  3931 | D:5      | Reached skill level 1 in Evocations
  3931 | D:5      | Reached XP level 7. HP: 60/61 MP: 6/6
  4139 | D:6      | Noticed Pikel
  4164 | D:6      | Slain by a slave

Skill      XL: |  1  2  3  4  5  6  7 |
---------------+----------------------+-----
Dodging        | 1 2 3 4 |  4.3
Armour         | 4 5 |  5.0
Fighting       | 4 5 |  5.0
Shields        | 4 5 |  5.0
Long Blades    | 3 4 5 |  5.4
Evocations     | 1 |  1.3

Action                   |  1- 3 |  4- 6 |  7- 9 || total
-------------------------+-------+-------+-------++-------
Melee: Long sword        |    97 |    52 |    23 ||   172
       Headbutt          |     8 |    14 |     6 ||    28
  Use: Scroll            |       |     7 |       ||     7
       Potion            |       |     3 |     2 ||     5
  Eat: Chunk             |     3 |     5 |       ||     8
       Ration            |       |     1 |       ||     1
Armor: Scale mail        |    66 |    24 |    12 ||   102
Dodge: Dodged            |    33 |    19 |    16 ||    68
Block: Shield            |    57 |    23 |    17 ||    97
       Rpst.: Long sword |     9 |     5 |     4 ||    18
